AoeStats
← [ Wildpigs ] PaPi

Black Forest

510482277Analyzed
3v3 RM · 1d ago on Oct 1, 2026· 56m 20s· 6 players
Game mode
Random Map
Map size
Normal (6 player)
Population
200
Speed
Normal
Resources
Standard
Victory
Conquest
Starting age
Dark Age
Ending age
Imperial Age
RankedLock teamsTeams togetherTeam positionsShared explorationLock speedFull tech treeHidden civsTurbo modeCheats
Victory
Defeat
🇲🇽 Bohemians · Mexico
1147
+14
1138
+14
🇲🇽 Dravidians · Mexico
1094
+16
🇺🇸 Slavs · United States
1118
-16
🇺🇸 Persians · United States
1100
-15
🇲🇽 Chinese · Mexico
1063
-13
ask
15:45 Feudal Age
20:02 Loom
22:53 Gold Mining
22:51 Double-Bit Axe
23:29 Horse Collar
29:56 Castle Age
31:35 Gold Shaft Mining
31:12 Bow Saw
31:03 Heavy Plow
31:43 Wheelbarrow
34:30 Imperial Age
36:06 Chemistry
42:08 Two-Man Saw
42:36 Heavy Scorpion
44:01 Ballistics
51:49 Caravan
[ Wildpigs ] PaPi
0:27 Loom
11:38 Feudal Age
15:25 Castle Age
13:38 Double-Bit Axe
13:39 Horse Collar
14:35 Gold Mining
14:38 Stone Mining
16:30 Bow Saw
24:24 Wheelbarrow
26:03 Hand Cart
29:50 Imperial Age
27:16 Gold Mining
27:51 Town Watch
28:07 Fletching
28:24 Squires
27:51 Pikeman
28:37 Padded Archer Armor
28:47 Forging
29:27 Ballistics
29:38 Heavy Plow
29:42 Town Patrol
30:25 Gold Shaft Mining
29:50 Bodkin Arrow
31:42 Bracer
32:17 Iron Casting
31:43 Scale Mail Armor
33:11 Chemistry
33:06 Leather Archer Armor
33:13 Halberdier
34:39 Conscription
37:17 Blast Furnace
36:32 Chain Mail Armor
36:48 Ring Archer Armor
38:04 Bombard Tower
40:07 Elite Chu Ko Nu
42:58 Elite Fire Lancer
43:43 Light Cavalry
44:33 Bloodlines
44:24 Husbandry
43:44 Cavalier
45:08 Stone Shaft Mining
44:41 Scale Barding Armor
46:30 Great Wall
47:44 Chain Barding Armor
47:55 Plate Mail Armor
52:54 Heavy Rocket Cart
SoloTheDog
2:24 Loom
11:58 Feudal Age
15:59 Castle Age
14:04 Man-at-Arms
15:49 Double-Bit Axe
15:48 Horse Collar
22:04 Wheelbarrow
24:04 Bow Saw
28:58 Imperial Age
27:31 Hand Cart
27:33 Caravan
27:38 Long Swordsman
28:31 Forging
28:21 Scale Mail Armor
28:28 Squires
29:51 Iron Casting
29:09 Gold Mining
31:20 Two-Man Saw
29:50 Two-Handed Swordsman
31:28 Druzhina
31:42 Champion
33:22 Heavy Plow
34:37 Crop Rotation
35:46 Detinets
36:16 Pikeman
37:39 Halberdier
40:27 Gold Shaft Mining
41:35 Chemistry
40:56 Ballistics
40:47 Fortified Wall
40:44 Siege Engineers
40:53 Masonry
41:46 Blast Furnace
41:01 Chain Mail Armor
43:53 Plate Mail Armor
47:30 Onager
Picador Criminal Mutilador
10:53 Feudal Age
9:43 Loom
12:19 Horse Collar
12:24 Double-Bit Axe
17:06 Castle Age
21:38 Town Watch
22:38 Wheelbarrow
25:23 Heavy Plow
25:49 Bow Saw
26:00 Gold Mining
26:00 Stone Mining
29:04 Imperial Age
27:24 Hand Cart
27:29 Bloodlines
27:19 Husbandry
28:21 Forging
28:17 Scale Barding Armor
29:01 Devotion
29:08 Caravan
30:33 Iron Casting
30:18 Chain Barding Armor
32:39 Blast Furnace
32:03 Conscription
32:36 Gold Shaft Mining
32:36 Stone Shaft Mining
32:06 Elite War Elephant
33:35 Crop Rotation
34:07 Two-Man Saw
33:44 Masonry
33:31 Murder Holes
33:40 Town Patrol
34:45 Plate Barding Armor
34:03 Light Cavalry
34:48 Scale Mail Armor
34:10 Pikeman
34:35 Gambesons
34:50 Squires
34:35 Arson
35:46 Coinage
35:27 Guilds
36:33 Ballistics
37:14 Chemistry
36:44 Architecture
36:34 Chain Mail Armor
36:10 Fletching
37:43 Citadels
38:10 Hoardings
37:36 Kamandaran
37:46 Bodkin Arrow
39:06 Padded Archer Armor
39:37 Plate Mail Armor
40:33 Banking
44:06 Leather Archer Armor
43:13 Halberdier
43:15 Hussar
43:17 Capped Ram
45:46 Ring Archer Armor
44:38 Man-at-Arms
44:41 Cavalier
49:57 Heavy Camel Rider
50:02 Long Swordsman
50:05 Heavy Scorpion
50:06 Siege Ram
50:36 Sappers
52:53 Onager
53:25 Guard Tower
53:25 Heated Shot
53:41 Siphons
53:46 Clinker Construction
53:47 Careening
54:32 Savar
55:28 Fervor
55:35 Block Printing
55:16 Herbal Medicine
55:56 Theocracy
55:44 Faith
55:39 Incendiaries
55:39 Careening
56:43 Carvel Hull
Black Mamba
0:36 Loom
11:42 Feudal Age
19:16 Castle Age
21:55 Fortified Wall
23:23 Masonry
23:02 Double-Bit Axe
23:00 Horse Collar
25:22 Bow Saw
30:57 Imperial Age
30:26 Chemistry
30:09 Heavy Plow
30:19 Fletching
30:30 Padded Archer Armor
30:01 Elite Skirmisher
33:16 Leather Archer Armor
35:22 Wheelbarrow
34:34 Town Watch
37:39 Ring Archer Armor
37:08 Bodkin Arrow
41:56 Ring Archer Armor
43:32 Bracer
44:56 Ballistics
48:59 Pikeman
50:21 Siege Engineers
54:25 Hand Cart
55:09 Squires
55:12 Scale Mail Armor
55:22 Forging
56:31 Scale Barding Armor
56:57 Conscription
57:06 Bombard Tower
56:13 Crossbowman
56:56 Caravan
Kuriboh
0:28 Loom
12:03 Feudal Age
14:34 Double-Bit Axe
15:39 Horse Collar
22:03 Castle Age
25:37 Wheelbarrow
26:59 Gold Mining
33:41 Imperial Age
31:32 Hand Cart
31:05 Town Watch
32:07 Fortified Wall
33:18 Forging
33:09 Scale Mail Armor
33:07 Murder Holes
33:29 Masonry
35:42 Bow Saw
35:34 Heavy Plow
36:52 Heavy Scorpion
38:54 Two-Man Saw
40:19 Chemistry
44:10 Wootz Steel
44:11 Conscription
44:03 Caravan
46:03 Iron Casting
45:44 Chain Mail Armor
50:52 Elite Urumi Swordsman
53:48 Onager
Connection lost

Rejoining the realm…

Still unreachable

The connection could not be restored.

Session expired

The server has moved on; the page needs a fresh start.